 Dungeon Crawl Stone Soup version 0.29.0-7-g18a832c13a (webtiles) character file.

Game seed: 15781350201661196871

4785 sanka the Grappler (level 10, -10/100 HPs)
             Began as a Troll Cinder Acolyte on Aug 31, 2022.
             Was a High Priest of Ignis.
             Mangled by a large slime creature (17 damage)
             ... on level 9 of the Dungeon.
             The game lasted 00:10:27 (7638 turns).

sanka the Grappler (Troll Cinder Acolyte)           Turns: 7638, Time: 00:10:28

Health: -10/100    AC: 16    Str: 24    XL:     10   Next: 24%
Magic:  12/12      EV:  9    Int: 10    God:    Ignis [*****.]
Gold:   280        SH:  0    Dex:  9    Spells: 11/11 levels left

rFire   + . .      SeeInvis +     - Unarmed
rCold   + . .      Faith    .   (no shield)
rNeg    . . .      Spirit   .   d - +2 robe {Will+}
rPois   .          Reflect  .   i - +2 hat
rElec   .          Harm     .   q - +0 cloak
rCorr   .          Rampage  .   (gloves unavailable)
Will    +....                   (boots unavailable)
Stlth   +.........              (no amulet)
HPRegen 1.06/turn               A - ring of protection from cold
MPRegen 0.13/turn               z - ring of see invisible

@: fiery-armoured
A: large, unfitting armour, claws 3, regeneration 1, shaggy fur 1, tough skin 1
a: Renounce Religion, Fiery Armour, Foxfire Swarm, Rising Flame


You were on level 9 of the Dungeon.
You worshipped Ignis.
Ignis was extremely pleased with you.
You visited 2 branches of the dungeon, and saw 10 of its levels.
You also visited: Sewer.

You collected 280 gold pieces.


Innate Abilities, Weirdness & Mutations

You are too large for most types of armour.
You have claws for hands.
Your natural rate of healing is unusually fast.
You are covered in fur. (AC +1)
You have tough skin. (AC +1)


   Skills:
 + Level 6.9 Fighting
 + Level 12.4 Unarmed Combat
 - Level 1.0 Spellcasting
 - Level 2.1 Fire Magic
 - Level 4.0 Invocations


You had 11 spell levels left.
You didn't know any spells.
Your spell library contained the following spells:

 Spells                   Type           Power      Damage    Failure   Level
 Scorch                   Fire           8%         2d5       22%         2
 Beastly Appendage        Tmut           0%         N/A       34%         1
 Slow                     Hex            0%         N/A       34%         1
 Sting                    Tmut/Pois      0%         1d3       34%         1
 Poisonous Vapours        Pois/Air       0%         N/A       45%         2
 Wereblood                Tmut           0%         N/A       45%         2
 Confusing Touch          Hex            0%         N/A       71%         3
 Ozocubu's Armour         Ice            0%         N/A       71%         3
 Spider Form              Tmut/Pois      0%         N/A       71%         3
 Vampiric Draining        Necr           0%         2d6       71%         3
 Olgreb's Toxic Radiance  Pois           0%         N/A       98%         4
 Ozocubu's Refrigeration  Ice            0%         4d7       100%        7

Inventory:

Hand Weapons
 b - a +6 war axe of flaming
Missiles
 r - 4 curare-tipped darts {=f}
 F - a throwing net {=f}
Armour
 d - a +2 robe of willpower (worn)
 i - a +2 hat (worn)
 q - a +0 cloak (worn)
Jewellery
 z - a ring of see invisible (right claw)
 A - a ring of protection from cold (left claw)
Wands
 k - a wand of roots (9)
 w - a wand of flame (40)
 B - a wand of paralysis (10)
Scrolls
 m - 3 scrolls of blinking
 n - a scroll of immolation {unknown}
 p - 6 scrolls of teleportation {@r4}
 t - 3 scrolls of fear
 u - a scroll of brand weapon {unknown}
 x - 3 scrolls of fog
 y - a scroll of enchant armour {unknown}
 D - 3 scrolls of poison {!r}
 E - a scroll of magic mapping {unknown}
Potions
 a - a potion of resistance {unknown}
 c - 3 potions of might {unknown}
 e - 3 potions of haste {unknown}
 f - 2 potions of curing {unknown}
 g - a potion of mutation {unknown}
 h - 4 potions of attraction {unknown}
 j - 3 potions of brilliance
 l - 3 potions of lignification {unknown}
 o - a potion of heal wounds {unknown}
 s - 2 potions of cancellation {unknown}
 v - a potion of flight {unknown}
 C - a potion of ambrosia {unknown}

Dungeon Overview and Level Annotations

Branches:
Dungeon (9/15)             Temple (1/1) D:4           Sewer (visited)
   Lair: D:8-11         Orc: D:9-12

Altars:
Ashenzari
Cheibriados
Dithmenos
Elyvilon
Fedhas
Gozag
Hepliaklqana
Kikubaaqudgha
Makhleb
Nemelex Xobeh
Okawaru
Qazlal
Ru
Sif Muna
Trog
Uskayaw
Vehumet
Wu Jian
Xom
Yredelemnul
Zin
The Shining One

Shops:
D:3 (   D:4 = D:5

( ......▒
......▒ ......▒
......▒ ......▒
▒▒▒+▒▒▒▒▒......▒
...............▒
........<......▒
......JTJ......▒
......JJ.......▒
.......▒▒▒▒▒▒..▒
....... .▒
....... ▒
....... .......
.......


You could see a large slime creature and 3 slime creatures.


Message History

You scratch the large slime creature. You claw the large slime creature.
The large slime creature is severely wounded.
The slime creature hits you.
* * * LOW HITPOINT WARNING * * *
The slime creature is burned by your cloak of flames.
The slime creature is moderately wounded.
The slime creature hits you.
* * * LOW HITPOINT WARNING * * *
The slime creature is burned by your cloak of flames.
The slime creature is lightly wounded.
The large slime creature hits you!!
* * * LOW HITPOINT WARNING * * *
The large slime creature is burned by your cloak of flames.
The large slime creature is severely wounded.
You claw the large slime creature!
The large slime creature is severely wounded.
The slime creature closely misses you.
The slime creature hits you but does no damage.
The slime creature is burned by your cloak of flames.
The slime creature is heavily wounded.
Unknown command.
You mangle the large slime creature!!
The large slime creature is almost dead.
The slime creature hits you!
* * * LOW HITPOINT WARNING * * *
The slime creature is burned by your cloak of flames.
The slime creature is lightly wounded.
The large slime creature hits you!
You die...

Action                   |  1- 3 |  4- 6 |  7- 9 | 10-12 || total
-------------------------+-------+-------+-------+-------++-------
Melee: Unarmed           |    86 |   105 |   263 |    73 ||   527
       Punch             |     3 |     3 |    15 |     6 ||    27
       War axe           |       |       |     2 |       ||     2
Invok: Fiery Armour      |       |       |     1 |     1 ||     2
  Use: Scroll            |       |       |     8 |       ||     8
Armor: Robe              |    33 |    21 |    70 |    24 ||   148
Dodge: Dodged            |    39 |    34 |    94 |    37 ||   204

Levels and vault maps discovered:
D:1:      elethiomel_arrival_infinity_welcomes_careful_drivers, layout_basic,
          minmay_statues_item, st_stairs_1, minmay_heptomino_l4
D:2:      layout_loops_ring, basic_ecumenical_altar, minmay_puff,
          uniq_crazy_yiuf_cottage
D:3:      layout_rooms, gup_sewer_entry_bubbles, serial_curves, eino_curves_04,
          eino_curves_03, serial_shops, shop_statue, uniq_sigmund
D:4:      layout_cave_pods, mainiacjoe_overflow_small_starburst,
          mainiacjoe_overflow_six_doors_small, minmay_temple_entry_fiery,
          serial_rivers, chequers_serial_rivers_micro_e,
          chequers_serial_rivers_micro_e, chequers_serial_rivers_micro_b,
          chequers_serial_rivers_micro_b, chequers_serial_rivers_micro_a,
          serial_shops, nicolae_shop_temple_entry_statues_fountains
D:5:      layout_basic, lemuel_mausoleum_altar_kikubaaqudgha, serial_shops,
          shop_statue, nicolae_titane
D:6:      layout_loops_cross, serial_co_window_serial,
          co_window_of_opportunity_a, co_window_paths_a, co_window_paths_a,
          co_window_paths_a, co_window_paths_a, co_window_broadway_c,
          co_window_broadway_c, co_window_corner_b, co_window_paths_d,
          glass_columns_b, glass_columns_a, glass_columns_a, glass_columns_a,
          hangedman_decor_clover_reticule, minivault_4
D:7:      minmay_chambers_of_fours, layout_loops_cross,
          mainiacjoe_overflow_tiny_flanked, kennysheep_generic_room_16,
          uniq_pikel
D:8:      layout_gridville, lemuel_crystal_altar, kennysheep_generic_room_12
D:9:      minmay_the_grid_3x3 [minmay_the_grid_aliased_spiral,
          minmay_the_grid_box_x, minmay_the_grid_medium_cups,
          minmay_the_grid_dragon_b, minmay_the_grid_holed_spiral,
          minmay_the_grid_odd_star, minmay_the_grid_expand,
          minmay_the_grid_minigrid_medium, minmay_the_grid_prize_diamond_cup],
          layout_irregular_city, hangedman_minor_magic, uniq_psyche
Temple:   minmay_temple_bridge_d

Notes
Turn   | Place    | Note
-------+----------+-------------------------------------------
     0 | D:1      | sanka the Troll Cinder Acolyte began the quest for the Orb.
     0 | D:1      | Reached XP level 1. HP: 22/22 MP: 1/1
   126 | D:1      | Reached XP level 2. HP: 29/29 MP: 2/2
   500 | D:1      | Reached skill level 4 in Unarmed Combat
   780 | D:2      | Reached XP level 3. HP: 36/36 MP: 3/3
  1010 | D:2      | Found a faded altar of an unknown god.
  1261 | D:2      | Found a runed translucent door.
  1262 | D:2      | Noticed Crazy Yiuf
  1375 | D:2      | Killed Crazy Yiuf
  1376 | D:2      | Reached skill level 5 in Unarmed Combat
  1376 | D:2      | Reached XP level 4. HP: 34/44 MP: 4/4
  1450 | D:3      | Found Riziah's Weapon Boutique.
  1500 | D:3      | Found a glowing drain.
  1507 | Sewer    | Entered a sewer
  1551 | Sewer    | Noticed a kobold brigand
  1569 | Sewer    | Killed a kobold brigand
  1570 | Sewer    | Reached skill level 6 in Unarmed Combat
  1570 | Sewer    | Reached XP level 5. HP: 43/50 MP: 5/5
  1758 | Sewer    | Reached skill level 7 in Unarmed Combat
  1758 | Sewer    | Reached XP level 6. HP: 56/59 MP: 6/6
  2029 | Sewer    | Reached skill level 8 in Unarmed Combat
  2029 | Sewer    | Reached XP level 7. HP: 62/66 MP: 7/7
  2211 | D:3      | Noticed Sigmund
  2221 | D:3      | Killed Sigmund
  2294 | D:5      | Entered Level 5 of the Dungeon
  2327 | D:5      | Reached skill level 9 in Unarmed Combat
  2339 | D:5      | Found Kickimecs's Antique Weapon Shoppe.
  2570 | D:4      | Found Hutoxahe's Jewellery Shop.
  3216 | D:4      | Found a glowing golden altar of the Shining One.
  3263 | D:4      | Found a hide-covered altar of Uskayaw.
  3304 | D:4      | Found a staircase to the Ecumenical Temple.
  3614 | Temple   | Entered the Ecumenical Temple
  4159 | D:5      | Reached XP level 8. HP: 74/74 MP: 8/8
  4234 | D:5      | Reached skill level 10 in Unarmed Combat
  4521 | D:5      | Reached skill level 3 in Fighting
  4527 | D:5      | Reached skill level 1 in Invocations
  4579 | D:5      | Found an ancient bone altar of Kikubaaqudgha.
  4614 | D:5      | Reached skill level 2 in Invocations
  5053 | D:6      | Reached skill level 4 in Fighting
  5614 | D:7      | Reached skill level 3 in Invocations
  5641 | D:7      | Reached XP level 9. HP: 49/84 MP: 10/10
  5695 | D:7      | Found a shimmering altar of Xom.
  5746 | D:7      | Noticed Pikel
  5764 | D:7      | Killed Pikel
  5765 | D:7      | Reached skill level 11 in Unarmed Combat
  5768 | D:7      | Reached skill level 4 in Invocations
  5912 | D:7      | Reached skill level 5 in Fighting
  6306 | D:7      | Noticed a six-headed hydra
  6702 | D:7      | Killed a four-headed hydra
  6703 | D:7      | Reached skill level 6 in Fighting
  6703 | D:7      | Reached skill level 12 in Unarmed Combat
  6703 | D:7      | Reached XP level 10. HP: 70/100 MP: 12/12
  7044 | D:8      | Found a shimmering blue altar of Sif Muna.
  7638 | D:9      | HP: 7/100 [slime creature (7)]
  7638 | D:9      | Mangled by a large slime creature

Vanquished Creatures
  A hydra (D:7)
  Pikel (D:7)
  A slime creature (D:9)
  Sigmund (D:3)
  A wyvern (D:8)
  3 water moccasins
  A sky beast (D:6)
  4 ogres
  2 centaurs
  8 kobold brigands
  3 necrophages
  3 bullfrogs
  4 scorpions
  5 wights
  3 killer bees (D:9)
  A howler monkey (D:8)
  A lava snake (D:7)
  An orc priest (D:3)
  Crazy Yiuf (D:2)
  A gnoll bouda (D:8)
  A human zombie (D:5)
  A jelly (D:6)
  3 iguanas
  3 orc wizards
  2 hound zombies (D:5)
  3 mummies (D:5)
  A howler monkey zombie (D:5)
  8 gnolls
  6 adders
  A shadow imp (D:7)
  3 white imps
  An ufetubus (D:7)
  An adder zombie (D:5)
  7 worms
  3 dart slugs
  20 orcs
  8 ball pythons
  5 bats
  7 endoplasms
  5 giant cockroaches
  5 goblins
  10 hobgoblins
  20 kobolds
  6 quokkas
  4 frilled lizards
  13 rats
193 creatures vanquished.
